 Dungeon Crawl Stone Soup version 0.28-a0-1506-g3893175d92 (webtiles) character file.

Game seed: 7517243080505863775

2234 cheechan the Chopper (level 9, -5/89 HPs)
             Began as a Naga Chaos Knight on Jan 13, 2022.
             Was a Plaything of Xom.
             Slain by an orc warrior (30 damage)
             ... on level 7 of the Dungeon.
             The game lasted 00:25:01 (5944 turns).

cheechan the Chopper (Naga Chaos Knight)            Turns: 5944, Time: 00:25:06

Health: -5/89      AC: 12    Str: 18    XL:     9   Next: 36%
Magic:  9/9        EV: 10    Int: 12    God:    Xom [..*...]
Gold:   218        SH:  0    Dex: 12    Spells: 4/8 levels left

rFire   + . .      SeeInvis +   o - +5 broad axe "Giant's Doom" {chaos, Will+ Stlth+}
rCold   . . .      Faith    .   (no shield)
rNeg    . . .      Spirit   .   b - +3 leather armour
rPois   +          Reflect  .   q - +1 helmet
rElec   .          Harm     .   (no cloak)
rCorr   .          Rampage  .   (no gloves)
Will    +++..      Clarity  +   (no barding)
Stlth   ++++......              (no amulet)
HPRegen 0.24/turn               m - ring of willpower
MPRegen 0.11/turn               a - ring of fire

@: short of breath, very slow
A: AC +3, large, see invisible, deformed body, poison resistance, slowness 2,
spit poison 1, naga tail 1, claws 1, camouflage 1, clarity, cold resistance 1,
robust 1, shaggy fur 2, MP-powered wands
a: Spit Poison, Renounce Religion


You were on level 7 of the Dungeon.
You worshipped Xom.
You were a toy of Xom.
You visited 2 branches of the dungeon, and saw 8 of its levels.

You collected 218 gold pieces.

Inventory:

Hand Weapons
 e - a +2 hunting sling of freezing
 o - the +5 broad axe "Giant's Doom" (weapon) {chaos, Will+ Stlth+}
   (Xom gifted it to you on level 3 of the Dungeon)

   Each time it hits an enemy it has a different, random effect.
   Will:      It increases your willpower.
   Stlth:     It makes you more stealthy.
 x - a +0 arbalest
Missiles
 c - 7 boomerangs
 f - 206 stones
 j - 69 arrows
 t - 78 bolts
 u - 4 javelins
 w - 26 sling bullets
Armour
 b - a +3 leather armour (worn)
 q - a +1 helmet (worn)
Jewellery
 a - a ring of fire (right claw)
 m - a ring of willpower (left claw)
Wands
 h - a wand of iceblast (3)
 y - a wand of acid (8)
 B - a wand of flame (25)
Scrolls
 i - a scroll of fear
 l - 3 scrolls of blinking
 s - 2 scrolls of teleportation
 D - 2 scrolls of fog
Potions
 d - 4 potions of curing
 g - a potion of resistance {unknown}
 n - a potion of heal wounds {unknown}
 r - a potion of brilliance {unknown}
 v - a potion of degeneration {unknown}
 z - 2 potions of might {unknown}
 A - a potion of magic {unknown}
 C - a potion of mutation {unknown}
Miscellaneous
 p - a box of beasts


   Skills:
 + Level 5.4 Fighting
 + Level 3.6 Long Blades
 + Level 6.8 Axes
 + Level 4.9 Slings
 + Level 3.7 Armour
 + Level 3.3 Dodging
 + Level 4.1 Stealth


You had 4 spell levels left.
You knew the following spells:

 Your Spells              Type           Power      Damage    Failure   Level
a - Static Discharge      Conj/Air       0%         N/A       52%         2
b - Passwall              Tmut/Erth      0%         N/A       52%         2

Your spell library contained the following spells:

 Spells                   Type           Power      Damage    Failure   Level
 Ensorcelled Hibernation  Hex/Ice        0%         N/A       52%         2
 Swiftness                Air            0%         N/A       75%         3
 Animate Dead             Necr           0%         N/A       98%         4
 Lightning Bolt           Conj/Air       0%         1d11      100%        5
 Haunt                    Necr/Summ      0%         N/A       100%        7
 Infestation              Necr           0%         N/A       100%        8
 Maxwell's Capacitive Co  Air            0%         ∞         100%        8


Dungeon Overview and Level Annotations

Branches:
Dungeon (7/15)             Temple (1/1) D:5

Altars:
Ashenzari
Cheibriados
Dithmenos
Elyvilon
Fedhas
Gozag
Hepliaklqana
Kikubaaqudgha
Makhleb
Nemelex Xobeh
Okawaru
Qazlal
Ru
Sif Muna
Trog
Uskayaw
Vehumet
Wu Jian
Xom
Yredelemnul
Zin
The Shining One


Innate Abilities, Weirdness & Mutations

Your serpentine skin is tough. (AC +3)
You have supernaturally acute eyesight. (SInv)
Armour fits poorly on your strangely shaped body.
Your system is resistant to poisons. (rPois)
You cover ground very slowly.
You can spit poison.
You have a snake-like lower body.
You have sharp fingernails.
Your skin changes colour to match your surroundings (Stealth+).
You possess an exceptional clarity of mind.
Your flesh is cold resistant. (rC+)
You are robust. (+10% HP)
You are covered in thick fur. (AC +2)
You expend magic power (3 MP) to strengthen your wands.


Message History

You barely miss the orc wizard. You barely miss the orc warrior.
You have got your breath back.
The orc wizard barely misses you. The orc warrior barely misses you.
The orc wizard points at you and mumbles some strange words.
The magic dart hits you!
You closely miss the orc wizard.
You hit the orc warrior but do no damage.
The orc warrior looks more healthy.
The orc warrior hits you with a +0 glaive!
The orc wizard barely misses you.
You closely miss the orc warrior.
The orc warrior is lightly wounded.
You hit the orc wizard but do no damage.
The orc wizard barely misses you. The orc warrior barely misses you.
The orc wizard closely misses you.
You barely miss the orc warrior.
The orc warrior is lightly wounded.
You slash the orc wizard! You drain the orc wizard.
The orc warrior hits you with a +0 glaive!
The orc wizard hits you with a +2 dagger of speed. x2
* * * LOW HITPOINT WARNING * * *
The orc warrior hits you but does no damage.
Okay, then.
Aiming: Spit Poison (1% risk of failure)
Press: ? - help, Q - select action, (/) - cycle Shift-Dir - straight line, f/p - orc warrior
Aim: an orc warrior, wielding a +0 glaive and wearing a +0 chain mail (lightly wounded, 60% to hit)
The splash of poison hits the orc warrior but does no damage.
The orc warrior is poisoned.
The orc warrior is lightly wounded.
The orc wizard gestures at you while chanting.
The puff of flame hits you. You resist.
* * * LOW HITPOINT WARNING * * *
The orc warrior completely misses you.
You barely miss the orc wizard.
The orc wizard is almost dead.
You hit the orc warrior.
The orc warrior goes berserk!
Xom thinks this is hilarious!
The orc warrior hits you with a +0 glaive!!
You die...
Xom chuckles heartily!

..#************,******##..≈.#...#
..# #.#....,....≈.###.# ..#
#.#...,,....≈...... ..#
#.#..#**###.≈≈≈≈≈≈≈ ..#
##.#..######........ ..#
#...$......#..##.... ###********
#..........#.#...... *,,,,,,,,*
#..oo......#.#...... *,,,,,,,,*
#..@.......#,#...... **,,,,,,,,*
##'#..#####*,#...... ,,,,,,,,,,*
#.#..######+#...... ,,,,,,,,,,*
#.#................ ,,,,,,,.,,*
#.#................
,,,,,,,...#####'#................
,,,,,,,..........................
,,,,,,,..........................
,,,,,,,..........................


You could see an orc warrior (berserk, poisoned) and an orc wizard (drained).

Vanquished Creatures
  A centaur zombie (D:7)
  The ghost of Pin the Covered, an amateur DDFi of Trog (D:4)
  2 water moccasins
  An orc warrior (D:6)
  A sky beast (D:6)
  A necrophage (D:6)
  A black bear (D:5)
  2 ogres
  2 scorpions
  A wyvern zombie (D:7)
  A howler monkey (D:5)
  A bullfrog zombie (D:5)
  A hound (D:6)
  An orc priest (D:6)
  A jelly (D:6)
  An iguana (D:4)
  5 orc wizards
  A killer bee zombie (D:7)
  A howler monkey zombie (D:6)
  Robin (D:3)
  22 gnolls
  8 adders
  2 ufetubi
  3 worms
  2 dart slugs
  15 orcs
  7 ball pythons
  3 bats
  4 endoplasms
  3 giant cockroaches
  13 goblins
  9 hobgoblins
  5 quokkas
  3 frilled lizards
  7 kobolds
  4 rats
137 creatures vanquished.

Vanquished Creatures (collateral kills)
  A bullfrog (D:4)
  An adder (D:4)
  2 river rats (D:4)
  An orc (D:6)
  A ball python (D:4)
6 creatures vanquished.

Grand Total: 143 creatures vanquished

Notes
Turn   | Place    | Note
-------+----------+-------------------------------------------
     0 | D:1      | cheechan the Naga Chaos Knight began the quest for the Orb.
     0 | D:1      | Reached XP level 1. HP: 21/21 MP: 1/1
    70 | D:1      | XOM: silly message
   175 | D:1      | Reached XP level 2. HP: 22/28 MP: 2/2
   580 | D:1      | XOM: noise
   722 | D:1      | XOM: silly message
   980 | D:2      | Reached XP level 3. HP: 27/34 MP: 3/3
  1046 | D:2      | XOM is BORED!
  1046 | D:2      | XOM: 1-stop teleportation journey
  1070 | D:2      | XOM: smoke on damage
  1101 | D:2      | XOM: chaos upgrade
  1116 | D:2      | XOM: scenery: 1 doors close
  1146 | D:2      | Reached skill level 1 in Slings
  1152 | D:2      | Reached XP level 4. HP: 7/42 MP: 4/4
  1252 | D:2      | Found a faded altar of an unknown god.
  1252 | D:2      | XOM: 1-stop teleportation journey
  1412 | D:2      | XOM: smoke on damage
  1473 | D:2      | XOM: scenery: create altars
  1508 | D:2      | Found a hazy altar of Hepliaklqana.
  1821 | D:3      | Reached skill level 1 in Dodging
  1821 | D:3      | Reached XP level 5. HP: 49/49 MP: 5/5
  1943 | D:3      | Noticed Robin
  1958 | D:3      | XOM: god gift: box of beasts
  1960 | D:3      | XOM: god gift: translucent broad axe {god gift}
  1960 | D:3      | Identified the +5 broad axe "Giant's Doom" {chaos, Will+
                  | Stlth+} (Xom gifted it to you on level 3 of the Dungeon)
  1963 | D:3      | XOM: polymorph goblin -> bat
  1978 | D:3      | Killed Robin
  2395 | D:3      | XOM: divination: detect items
  2430 | D:3      | XOM: give mutations
  2430 | D:3      | Gained mutation: Your flesh is cold resistant. (rC+) [Xom's
                  | grace]
  2430 | D:3      | Gained mutation: Your skin changes colour to match your
                  | surroundings (Stealth+). [Xom's grace]
  2430 | D:3      | Gained mutation: You are covered in fur. (AC +1) [Xom's
                  | grace]
  2430 | D:3      | Gained mutation: You are covered in thick fur. (AC +2)
                  | [Xom's grace]
  2576 | D:4      | Found a runed translucent door.
  2578 | D:4      | Noticed Pin's ghost (amateur DDFi)
  2701 | D:4      | Found a runed translucent door.
  2814 | D:4      | Reached XP level 6. HP: 56/56 MP: 6/6
  2879 | D:4      | XOM: scenery: create altars
  3039 | D:4      | Noticed a water moccasin
  3045 | D:4      | Killed a water moccasin
  3129 | D:4      | XOM: summons 6 friendly demons
  3131 | D:4      | Reached skill level 1 in Axes
  3137 | D:4      | Reached XP level 7. HP: 63/63 MP: 7/7
  3140 | D:4      | Killed Pin's ghost
  3141 | D:4      | Reached skill level 1 in Stealth
  3317 | D:4      | XOM: give mutations
  3317 | D:4      | Gained mutation: You expend magic power (3 MP) to
                  | strengthen your wands. [Xom's grace]
  3317 | D:4      | Gained mutation: You are robust. (+10% HP) [Xom's grace]
  3317 | D:4      | Gained mutation: You have sharp fingernails. [Xom's grace]
  3317 | D:4      | Gained mutation: You possess an exceptional clarity of
                  | mind. [Xom's grace]
  3322 | D:5      | Entered Level 5 of the Dungeon
  3329 | D:5      | Reached skill level 2 in Axes
  3412 | D:5      | Found a shimmering altar of Xom.
  3573 | D:5      | Learned a level 2 spell: Static Discharge
  3585 | D:5      | Found a staircase to the Ecumenical Temple.
  3653 | D:5      | XOM: scenery: create altars
  3692 | Temple   | Entered the Ecumenical Temple
  3965 | D:5      | Reached skill level 3 in Axes
  3965 | D:5      | Reached XP level 8. HP: 73/80 MP: 8/8
  3983 | D:5      | Found a radiant altar of Vehumet.
  3996 | D:5      | XOM: god gift: wand of iceblast (3)
  4374 | D:6      | XOM: summons friendly ufetubus
  4376 | D:6      | Reached skill level 4 in Axes
  4393 | D:6      | XOM: scenery: 2 doors open
  4493 | D:6      | XOM: scenery: summon butterflies
  4679 | D:6      | Reached skill level 5 in Axes
  4695 | D:6      | Reached skill level 5 in Fighting
  4743 | D:6      | Found a hazy altar of Hepliaklqana.
  4850 | D:6      | XOM: 8-stop teleportation journey
  4924 | D:6      | XOM: divination: detect creatures
  4988 | D:6      | Learned a level 2 spell: Passwall
  5252 | D:7      | Reached skill level 6 in Axes
  5252 | D:7      | Reached XP level 9. HP: 84/89 MP: 9/9
  5354 | D:7      | Found a snail-covered altar of Cheibriados.
  5374 | D:7      | XOM: divination: detect creatures
  5479 | D:7      | XOM: divination: detect creatures
  5562 | D:7      | XOM: divination: detect creatures
  5937 | D:7      | XOM: blink monster(s)
  5944 | D:7      | Slain by an orc warrior

Illustrated notes

Levels and vault maps discovered:
D:1:      kennysheep_arrival_forest, layout_basic
D:2:      minmay_evil_eye, layout_basic, shapermc_ecumenical_altar_pompeii,
          basic_altar
D:3:      layout_loops_ring, uniq_robin
D:4:      layout_cave_pools, ebering_ghost_sewer_f
D:5:      layout_basic, mainiacjoe_overflow_24_doors,
          mainiacjoe_overflow_chevrons, minmay_temple_entry_grid,
          kennysheep_minor_cross
D:6:      layout_basic, marbit_many_paths
D:7:      layout_basic, mainiacjoe_overflow_brackets
Temple:   eino_narrow_crystal_temple

Skill      XL: |  1  2  3  4  5  6  7  8  9 |
---------------+----------------------------+-----
Slings         | 1 2 3 4 |  4.9
Armour         | 2 3 |  3.7
Dodging        | 1 2 3 |  3.3
Axes           | 1 3 6 |  6.8
Fighting       | 4 5 |  5.4
Stealth        | 2 3 4 |  4.1
Long Blades    | |  3.6

Action                   |  1- 3 |  4- 6 |  7- 9 || total
-------------------------+-------+-------+-------++-------
Melee: Falchion          |    10 |    12 |       ||    22
       Broad axe         |       |    31 |   144 ||   175
       Club              |       |     1 |       ||     1
       Punch             |       |       |     1 ||     1
 Fire: Hunting sling     |    51 |   109 |       ||   160
 Abil: Spit Poison       |    12 |    23 |    20 ||    55
  Use: Scroll            |     2 |     8 |     5 ||    15
       Potion            |       |     1 |       ||     1
 Stab: Sleeping          |       |       |     3 ||     3
       Paralysed         |       |       |     1 ||     1
Armor: Leather armour    |    24 |    55 |   121 ||   200
       Skin              |       |    11 |     2 ||    13
Dodge: Dodged            |    35 |    58 |   113 ||   206

Table legend: (Time is in decaauts)
 A = Elapsed time spent in this place.
 B = Non-inter-level travel time spent in this place.
 C = Inter-level travel time spent in this place.
 D = Time resting spent in this place.
 E = Time spent auto-exploring this place.
 F = Levels seen in this place.
 G = Mean time per level.
                   A        B        C        D        E       F      G
               +--------+--------+--------+--------+--------+-----+--------+
         Total |   7988 |   7988 |      0 |    395 |      0 |   8 |  998.5 |
       Dungeon |   7864 |   7864 |      0 |    395 |      0 |   7 | 1123.4 |
        Temple |    124 |    124 |      0 |      0 |      0 |   1 |  124.0 |
               +--------+--------+--------+--------+--------+-----+--------+

Top non-repeatable levels by time:
     D:1: 1238 daAuts
     D:2: 1199 daAuts
     D:6: 1131 daAuts
     D:7: 1130 daAuts
     D:5: 1129 daAuts
     D:4: 1029 daAuts
     D:3: 1005 daAuts
  Temple: 124 daAuts
